 Dungeon Crawl Stone Soup version bcrawl-1.23.3-19-gdc5968f444 (webtiles) character file.

Game seed: 14319050645062641803

1998 Freyura the Twirler (level 9, -2/69 HPs)
             Began as a Demonspawn Gladiator on June 9, 2020.
             Was a Follower of Makhleb.
             Splashed by an acid dragon's acid (13 damage)
             ... on level 6 of the Dungeon.
             The game lasted 00:16:26 (4791 turns).

Freyura the Twirler (Demonspawn Gladiator)          Turns: 4791, Time: 00:16:27

Health: -2/69      AC:  4    Str: 15    XL:     9   Next: 2%
Magic:  11/11      EV: 14    Int: 10    God:    Makhleb [*.....]
Gold:   455        SH:  4    Dex: 17    Spells: 8/8 levels left

rFire    + . .     SeeInvis .   b - +2 quarterstaff (chaos)
rCold    . . .     Gourm    .   (shield currently unavailable)
rNeg     . . .     Faith    .   h - +0 ring mail {rF+}
rPois    .         Spirit   .   c - +1 helmet
rElec    .         Reflect  .   f - +2 cloak
rCorr    .         Harm     .   (no gloves)
MR       .....                  g - +0 pair of boots
Stlth    +.........             (no amulet)
HPRegen  0.21/turn              (no ring)
MPRegen  0.12/turn              (no ring)

@: corroded
A: large bone plates 1, powered by death 2, powered by pain 2
a: Renounce Religion


You were on level 6 of the Dungeon.
You worshipped Makhleb.
Makhleb was aware of your devotion.
You were not hungry.

You visited 1 branch of the dungeon, and saw 6 of its levels.
You also visited: Sewer.

You collected 455 gold pieces.

Inventory:

Hand Weapons
 a - a +0 quarterstaff
 b - a +2 quarterstaff of chaos (weapon)
 x - the +5 quarterstaff "Goblinbane" {crush, *Corrode rN++ Str+4}
   (You found it on level 4 of the Dungeon)

   It inflicts extra damage upon your enemies.
   It affects your strength (+4).
   It greatly protects you from negative energy.
   It may corrode you when you take damage.
Missiles
 d - 4 throwing nets (quivered) {!f}
Armour
 c - a +1 helmet (worn)
 f - a +2 cloak (worn)
 g - a +0 pair of boots (worn)
 h - a +0 ring mail of fire resistance (worn)
Wands
 y - a wand of polymorph (12)
Scrolls
 i - 2 scrolls of remove curse
 p - 3 scrolls of teleportation
 r - 2 scrolls of amnesia
 w - a scroll of magic mapping
Potions
 j - 2 potions of ambrosia {unknown}
 l - 9 potions of curing
 m - a potion of invisibility {unknown}
 n - 2 potions of cancellation
 o - 2 potions of agility {unknown}
 q - 4 potions of might
 s - 4 potions of brilliance {unknown}
 t - 3 potions of flight {unknown}
 u - 5 potions of heal wounds {unknown}
 v - 2 potions of haste {unknown}
 z - a potion of mutation {unknown}
Comestibles
 e - 11 rations {!d}


   Skills:
 + Level 5.7 Fighting
 * Level 6.4 Staves
 - Level 1.7 Throwing
 + Level 4.6 Armour
 + Level 5.6 Dodging
 + Level 3.8 Invocations


You had 8 spell levels left.
You didn't know any spells.
Your spell library was empty.

Dungeon Overview and Level Annotations

Branches:
Dungeon (6/12)
 Temple: D:4-7

Altars:
Dithmenos
Hepliaklqana
Makhleb
Nemelex Xobeh
Vehumet
Zin
The Shining One

Shops:
D:4 (


Innate Abilities, Weirdness & Mutations

You are partially covered in large bone plates. (SH +4)
You regenerate health from kills.
You sometimes gain power by taking damage.


Message History

The acid dragon is heavily wounded.
The acid dragon spits acid at you. The splash of acid hits you!
The acid corrodes you!
You are splashed with acid!
You hear an angry hiss.
You are too injured to fight recklessly!
You are too injured to fight recklessly!
You are too injured to fight recklessly!
You barely miss the acid dragon.
The acid dragon is heavily wounded.
The acid dragon bites you. The acid dragon completely misses you.
You closely miss the acid dragon.
The acid dragon is heavily wounded.
The acid dragon closely misses you. The acid dragon claws you.
You hit the acid dragon. You burn the acid dragon.
The acid dragon is severely wounded.
The acid dragon spits acid at you. The splash of acid hits you!
* * * LOW HITPOINT WARNING * * *
The acid corrodes you!
You are splashed with acid!
You die...

......#..# ..##..#..#
.........# .###..####
.......# ##### .......##
#...## . ........#
#.#..# .#. ........#
#....####.....
........####....@D......
..##...........(#######.
#.##.##.####....#
#.##.##>#....#.##
#.......#.####.#
####.####.# #.#######
####.####.# #.#(....#
.......##.# #.#.....#
....#..##.# #.......#


You could see an acid dragon.

Vanquished Creatures
  An ice beast (D:6)
  An ogre (D:5)
  4 centaurs
  6 big kobolds
  A wyvern skeleton (D:6)
  2 scorpions
  4 crimson imps
  3 hounds
  Crazy Yiuf (D:2)
  Natasha (thrice) (D:3)
  6 orc wizards
  Terence (D:3)
  2 iguanas
  5 worker ants
  2 hound zombies
  A hound skeleton (D:6)
  5 adders
  A river rat (D:3)
  An ooze (Sewer)
  5 worms
  2 dart slugs (D:3)
  4 leopard geckos
  16 orcs
  6 ball pythons
  6 giant cockroaches
  5 goblins
  9 hobgoblins
  12 jackals
  22 kobolds
  A quokka (D:3)
  10 bats
  2 frilled lizards
  A quokka skeleton (D:4)
  12 rats
  2 fungi (D:2)
165 creatures vanquished.

Notes
Turn   | Place    | Note
-------+----------+-------------------------------------------
     0 | D:1      | Freyura the Demonspawn Gladiator began the quest for the
                  | Orb.
     0 | D:1      | Reached XP level 1. HP: 16/16 MP: 1/1
   178 | D:1      | Gained mutation: You regenerate a little health from kills.
                  | [demonic ancestry]
   178 | D:1      | Reached XP level 2. HP: 22/22 MP: 2/2
   253 | D:1      | Got a scorched jade ring
   393 | D:1      | Reached skill level 3 in Staves
   610 | D:1      | Reached skill level 1 in Armour
   610 | D:1      | Reached XP level 3. HP: 24/28 MP: 3/3
   921 | D:1      | Identified the ring "Zisuum" {Fire Int+3} (You found it on
                  | level 1 of the Dungeon)
  1485 | D:2      | Found a glowing silver altar of Zin.
  1485 | D:2      | Found a burning altar of Makhleb.
  1486 | D:2      | Noticed a cacodemon
  1486 | D:2      | Noticed an angel
  1583 | D:2      | Found a runed door.
  1588 | D:2      | Noticed Crazy Yiuf
  1594 | D:2      | Killed Crazy Yiuf
  1594 | D:2      | Reached XP level 4. HP: 33/34 MP: 4/4
  1630 | D:3      | Noticed Natasha
  1640 | D:3      | Killed Natasha
  1784 | D:3      | Noticed Terence
  1795 | D:3      | Killed Terence
  1795 | D:3      | Gained mutation: You are partially covered in large bone
                  | plates. (SH +4) [demonic ancestry]
  1795 | D:3      | Reached XP level 5. HP: 35/41 MP: 5/5
  2040 | D:3      | Found a glowing drain.
  2061 | Sewer    | Entered a sewer
  2088 | Sewer    | Gained mutation: You sometimes gain a little power by
                  | taking damage. [demonic ancestry]
  2088 | Sewer    | Reached XP level 6. HP: 42/47 MP: 6/6
  2096 | Sewer    | Reached skill level 4 in Staves
  2333 | Sewer    | Gained mutation: You sometimes gain power by taking damage.
                  | [demonic ancestry]
  2333 | Sewer    | Reached XP level 7. HP: 53/54 MP: 7/7
  2385 | D:3      | Noticed Natasha
  2400 | D:3      | Killed Natasha
  2737 | D:3      | Noticed Natasha
  2743 | D:3      | Killed Natasha
  3135 | D:4      | Got a brightly glowing quarterstaff
  3136 | D:4      | Identified the +5 quarterstaff "Goblinbane" {crush,
                  | *Corrode rN++ Str+4} (You found it on level 4 of the
                  | Dungeon)
  3213 | D:4      | Found a glowing golden altar of the Shining One.
  3234 | D:4      | Found Anluuza's Weapon Emporium.
  3259 | D:4      | Found a shadowy altar of Dithmenos.
  3548 | D:2      | Became a worshipper of Makhleb the Destroyer
  3629 | D:5      | Entered Level 5 of the Dungeon
  3687 | D:5      | Reached skill level 5 in Staves
  3687 | D:5      | Reached skill level 5 in Dodging
  3687 | D:5      | Reached skill level 1 in Invocations
  3687 | D:5      | Gained mutation: You regenerate health from kills. [demonic
                  | ancestry]
  3687 | D:5      | Reached XP level 8. HP: 54/61 MP: 8/8
  3699 | D:5      | Reached skill level 5 in Fighting
  4047 | D:4      | Found a hazy altar of Hepliaklqana.
  4255 | D:6      | Found a sparkling altar of Nemelex Xobeh.
  4342 | D:6      | Reached skill level 6 in Staves
  4401 | D:6      | Found a radiant altar of Vehumet.
  4624 | D:6      | Reached * piety under Makhleb
  4666 | D:6      | Reached XP level 9. HP: 57/69 MP: 11/11
  4791 | D:6      | Splashed by an acid dragon's acid

Skill      XL: |  1  2  3  4  5  6  7  8 |
---------------+-------------------------+-----
Staves         | 3 4 5 6 |  6.4
Dodging        | 3 4 5 |  5.6
Armour         | 1 2 3 4 |  4.6
Fighting       | 3 4 5 |  5.7
Invocations    | 1 3 |  3.8
Throwing       | |  1.7

Action                   |  1- 3 |  4- 6 |  7- 9 || total
-------------------------+-------+-------+-------++-------
Melee: Quarterstaff      |   151 |   120 |   264 ||   535
  Use: Scroll            |     6 |     1 |     2 ||     9
       Potion            |     1 |       |       ||     1
 Stab: Paralysed         |       |     5 |       ||     5
       Petrifying        |       |     3 |       ||     3
       Petrified         |       |     1 |       ||     1
       Confused          |       |       |     1 ||     1
  Eat: Chunk             |     2 |     3 |     8 ||    13
Armor: Ring mail         |    55 |    61 |   119 ||   235
Dodge: Dodged            |    96 |    84 |   196 ||   376
Block: Other             |       |    18 |    32 ||    50
